 Dungeon Crawl Stone Soup version 0.31-a0-236-g9a0961fb85 (webtiles) character file.

Game seed: 14163560493596688708

105 qw the Shooter (level 4, -3/36 HPs)
             Began as a Minotaur Hexslinger on July 10, 2023.
             Slain by a goblin
             ... wielding a +1 dagger of protection
             ... led by Robin
              (6 damage)
             ... on level 2 of the Dungeon.
             The game lasted 00:00:45 (1690 turns).

qw the Shooter (Minotaur Hexslinger)                Turns: 1690, Time: 00:00:45

Health: -3/36      AC:  3    Str: 12    XL:     4   Next: 53%
Magic:  4/4        EV: 12    Int: 10    God:
Gold:   154        SH:  0    Dex: 15    Spells: 4/5 levels left

rFire   . . .        Y - +1 sling
rCold   . . .        (no shield)
rNeg    . . .        c - +0 robe
rPois   .            (helmet restricted)
rElec   .            (no cloak)
rCorr   +            e - +0 pair of gloves
SInv    .            (no boots)
Will    .....        (no amulet)
Stlth   +            d - ring of resist corrosion
HPRegen 0.26/turn    (no ring)
MPRegen 0.09/turn

%: no passive effects
@: about to teleport
A: horns 2, retaliatory headbutt
a: no special abilities


You were on level 2 of the Dungeon.
You visited 1 branch of the dungeon, and saw 2 of its levels.

You collected 154 gold pieces.


Innate Abilities, Weirdness & Mutations

You have a pair of horns on your head.
You reflexively headbutt those who attack you in melee.


   Skills:
 + Level 2.0 Fighting
 - Level 5.1 Ranged Weapons
 - Level 2.1 Dodging
 - Level 1.0 Spellcasting
 - Level 2.0 Hexes


You had 4 spell levels left.
You knew the following spells:

 Your Spells              Type           Power      Damage    Failure   Level
a - Slow                  Hex            16%        N/A       16%         1

Your spell library contained the following spells:

 Spells                   Type           Power      Damage    Failure   Level
 Inner Flame              Hex/Fire       2%         N/A       56%         3
 Portal Projectile        Hex/Tloc       4%         N/A       56%         3
 Cause Fear               Hex            2%         N/A       83%         4

Inventory:

Hand Weapons
 Y - a +1 sling (weapon)
Armour
 c - a +0 robe (worn)
 e - a +0 pair of gloves (worn)
Jewellery
 d - a ring of resist corrosion (left hand)
 i - a ring of poison resistance
Scrolls
 b - a scroll of noise {unknown}
 h - a scroll of brand weapon {unknown}
Potions
 a - a potion of ambrosia {unknown}
 f - a potion of curing
 j - a potion of berserk rage {unknown}

Dungeon Overview and Level Annotations

Branches:
Dungeon (2/15)

Altars:
Wu Jian


Message History

You shoot a sling bullet. The sling bullet hits Robin.
Robin is lightly wounded.
The goblin hits you with a +0 dagger.
The goblin hits you with a +1 dagger of protection.
The goblin hits you with a +0 dagger.
You shoot a sling bullet.
The sling bullet hits Robin but does no damage.
Robin is lightly wounded.
The goblin hits you with a +0 dagger. The goblin misses you.
The goblin closely misses you. You furiously retaliate!
You headbutt the goblin!
You kill the goblin!
You shoot a sling bullet. The sling bullet hits Robin.
Robin is heavily wounded.
Robin barely misses you. The goblin barely misses you. You furiously retaliate!
You headbutt the goblin. The goblin barely misses you.
Robin closely misses you. You furiously retaliate!
You headbutt Robin. The goblin misses you.
The goblin hits you with a +1 dagger of protection.
You shoot a sling bullet. The sling bullet closely misses Robin.
Robin completely misses you. You furiously retaliate!
You headbutt Robin. The goblin hits you with a +0 dagger.
The goblin barely misses you.
You shoot a sling bullet. The sling bullet hits Robin.
You kill Robin!
The goblin completely misses you. The goblin closely misses you.
Your Ranged Weapons skill increases to level 5!
You shoot a sling bullet.
The sling bullet barely misses the goblin.
The goblin hits you with a +1 dagger of protection.
The goblin hits you but does no damage.
1688 ||| READING scroll of teleportation.
As you read the scroll of teleportation, it crumbles to dust.
You feel strangely unstable.
The goblin hits you with a +1 dagger of protection.
The goblin closely misses you.
You shoot a sling bullet. The sling bullet hits the goblin.
You kill the goblin!
The goblin hits you but does no damage.
You shoot a sling bullet.
The sling bullet hits the goblin but does no damage.
The goblin hits you with a +1 dagger of protection.
You die...

.#.#.# #.#.<#
#############
.#.#.###.##.# ###
.#.#...#....# #.#
.#.###.#.#### %.#
.#...#.### #)# .###.#.#
#)# .# #.#.# #.# .#
#.#.########)##########
.#
#.#.........)@).......#
.#
#.##########g#######.##
## #.# #.......(..# #.#
####.# #.####.###.###.#
.....# #......# #.....#
###### #.####.# #######
###


You could see a goblin (strong).

Vanquished Creatures
  Robin (D:2)
  2 adders (D:2)
  2 worms (D:2)
  2 dart slugs
  4 ball pythons
  6 bats
  7 endoplasms
  A giant cockroach (D:1)
  5 hobgoblins
  3 quokkas
  3 frilled lizards (D:1)
  11 goblins
  6 kobolds
  10 rats (D:2)
63 creatures vanquished.

Notes
Turn   | Place    | Note
-------+----------+-------------------------------------------
     0 | D:1      | qw the Minotaur Hexslinger began the quest for the Orb.
     0 | D:1      | Reached XP level 1. HP: 16/16 MP: 1/1
     0 | D:1      | 0 ||| qw: Version: 0.3-a-52-g30416fa
     0 | D:1      | 0 ||| qw: Game counter: 4829
     0 | D:1      | 0 ||| qw: Melee chars always use a shield: true
     0 | D:1      | 0 ||| qw: God list: Okawaru
     0 | D:1      | 0 ||| qw: Allow faded altars: false
     0 | D:1      | 0 ||| qw: Do Orc after clearing Dungeon:15 true
     0 | D:1      | 0 ||| qw: Do second Lair branch before Depths: true
     0 | D:1      | 0 ||| qw: Lair rune preference: random
     0 | D:1      | 0 ||| qw: Goals: Normal
     0 | D:1      | 0 ||| PLANNING D:1-11
   117 | D:1      | 117 ||| FLEEEEING.
   120 | D:1      | 120 ||| FLEEEEING.
   121 | D:1      | 121 ||| FLEEEEING.
   125 | D:1      | Reached skill level 3 in Ranged Weapons
   125 | D:1      | Reached XP level 2. HP: 22/23 MP: 2/2
   675 | D:1      | 675 ||| UPGRADING to +0 pair of gloves.
   680 | D:1      | 680 ||| UPGRADING to ring of resist corrosion.
   681 | D:1      | 681 ||| READING scroll labelled IXKAREKHAB.
   686 | D:1      | 686 ||| DRINKING 2 sapphire potions.
   687 | D:1      | 687 ||| DRINKING 2 bubbling pink potions.
   688 | D:1      | 688 ||| DROPPING scroll of poison.
   689 | D:1      | 689 ||| DROPPING potion of attraction.
   737 | D:2      | Reached XP level 3. HP: 27/29 MP: 3/3
   738 | D:2      | Reached skill level 4 in Ranged Weapons
   862 | D:2      | Found an ornate altar of the Wu Jian Council.
  1023 | D:2      | Reached XP level 4. HP: 36/36 MP: 4/4
  1314 | D:2      | Found a faded altar of an unknown god.
  1675 | D:2      | Noticed Robin
  1686 | D:2      | Killed Robin
  1687 | D:2      | Reached skill level 5 in Ranged Weapons
  1687 | D:2      | HP: 7/36 [goblin/+1 dagger of protection[Robin] (5)]
  1688 | D:2      | 1688 ||| READING scroll of teleportation.
  1688 | D:2      | HP: 2/36 [goblin/+1 dagger of protection[Robin] (5)]
  1690 | D:2      | Slain by a goblin

Levels and vault maps discovered:
D:1:      dpeg_arrival_erosion, layout_basic
D:2:      layout_basic, shapermc_ecumenical_altar_gd, basic_altar,
          minmay_rat_gold_closets, uniq_robin

Skill      XL: |  1  2  3  4 |
---------------+-------------+-----
Ranged Weapons | 3 4 5 |  5.1
Fighting       | 2 |  2.0
Dodging        | |  2.1
Spellcasting   | |  1.0
Hexes          | |  2.0

Action                     |  1- 3 |  4- 6 || total
---------------------------+-------+-------++-------
   Fire: Sling             |   106 |    71 ||   177
    Use: Potion            |     2 |       ||     2
         Scroll            |     1 |     1 ||     2
 Armour: Robe              |     5 |    13 ||    18
  Dodge: Dodged            |    14 |    32 ||    46

Table legend:
 A = Non-vault XP
 B = Vault XP
 C = Vault XP percentage of total XP
 D = Non-vault monster count
 E = Vault monster count
 F = Vault count percentage of total count
                 A         B        C        D         E       F
            +---------+---------+-------+---------+---------+-------
      Total |     115 |      35 |  23.3 |      48 |      15 |  23.8
            +---------+---------+-------+---------+---------+-------
        D:1 |      39 |       0 |   0.0 |      23 |       0 |   0.0
        D:2 |      76 |      35 |  31.5 |      25 |      15 |  37.5
            +---------+---------+-------+---------+---------+-------
